 Dungeon Crawl Stone Soup version 0.20-a0-641-g673355a (webtiles) character file.

199 HallandMoats the Skirmisher (level 5, -6/44 HPs)
             Began as a Demonspawn Fighter on Feb 13, 2017.
             Killed by divine providence
             ... invoked by an orc priest
              (15 damage)
             ... on level 3 of the Dungeon.
             The game lasted 00:02:46 (1425 turns).

HallandMoats the Skirmisher (Demonspawn Fighter)    Turns: 1425, Time: 00:02:46

Health: -6/44      AC: 11    Str: 16    XL:     5   Next: 48%
Magic:  5/5        EV:  2    Int: 10    God:
Gold:   71         SH:  8    Dex: 13    Spells: 4/4 levels left

rFire    . . .     SeeInvis .   (no weapon)
rCold    . . .     Gourm    .   o - +0 plate armour
rNeg     . . .     Faith    .   c - +0 shield
rPois    .         Spirit   .   (no helmet)
rElec    .         Reflect  .   (no cloak)
rCorr    .         Harm     .   (no gloves)
MR       .....                  (no boots)
Stlth    ..........             (no amulet)
Regen    0.2/turn               (no ring)
MPRegen  0.1/turn               (no ring)

@: no status effects
A: talons 1, rot immunity
a: no special abilities


You were on level 3 of the Dungeon.
You were not hungry.

You visited 1 branch of the dungeon, and saw 3 of its levels.

You collected 71 gold pieces.

Inventory:

Hand Weapons
 a - a +0 long sword
Armour
 c - a +0 shield (worn)
 o - a +0 plate armour (worn)
Scrolls
 e - a scroll of magic mapping {unknown}
 k - a scroll of amnesia {unknown}
 l - a scroll of enchant armour {unknown}
 q - a scroll of enchant weapon {unknown}
 r - a scroll of random uselessness {unknown}
Potions
 b - 3 potions of agility {unknown}
 d - a potion of might
 h - a potion of degeneration {unknown}
 j - a potion of flight {unknown}
 m - 2 potions of brilliance {unknown}
 n - a potion of heal wounds {unknown}
 p - a potion of lignification {unknown}
 s - a potion of curing {unknown}
Comestibles
 f - 3 bread rations
 g - a meat ration
 i - a royal jelly


   Skills:
 + Level 5.0 Fighting
 + Level 3.8 Long Blades
 - Level 2.6 Armour
 - Level 2.6 Shields


You had 4 spell levels left.
You didn't know any spells.

Dungeon Overview and Level Annotations

Branches:
Dungeon (3/15)

Altars:
Nemelex Xobeh

Annotations:
D:3 Robin


Innate Abilities, Weirdness & Mutations

You have sharp toenails.
You are immune to rotting.


Message History

A goblin comes into view. It is wielding a dagger.
The goblin hits you but does no damage. You block the goblin's attack.
The goblin moves out of view.
The goblin hits you but does no damage. You block the goblin's attack.
The goblin hits you but does no damage. x2
You block the goblin's attack. The goblin hits you.
* * * LOW HITPOINT WARNING * * *
The goblin no longer looks unusually strong.
The orc priest looks braver for a moment.
The goblin hits you but does no damage. The goblin hits you.
* * * LOW HITPOINT WARNING * * *
The hobgoblin no longer looks unusually strong.
The goblin hits you but does no damage. The goblin hits you.
* * * LOW HITPOINT WARNING * * *
You block the goblin's attack. The goblin barely misses you.
Robin roars a battlecry!
The goblins go into a battle-frenzy!
The orc priest invokes the aid of Beogh against you.
Beogh smites you!
You die...

#..# ...
#..######...#
#..##........
#...........#
#.###.####.##
#. #.# ..
#o####.# .##
##gogg..# .
#@#.##..#
.#gggg###.. #
#g#### ##..
... ##


You could see Robin, an orc priest, an orc, 2 hobgoblins and 5 goblins.

Vanquished Creatures
  Sigmund (D:2)
  An ooze (D:2)
  A worm (D:2)
  2 dart slugs (D:1)
  A leopard gecko (D:1)
  2 giant cockroaches
  5 goblins
  2 jackals (D:2)
  3 bats
  A frilled lizard (D:1)
  5 kobolds (D:1)
  5 rats
29 creatures vanquished.

Notes
Turn   | Place    | Note
-------+----------+-------------------------------------------
     0 | D:1      | HallandMoats the Demonspawn Fighter began the quest for the Orb.
     0 | D:1      | Reached XP level 1. HP: 18/18 MP: 1/1
   224 | D:1      | Found a sparkling altar of Nemelex Xobeh.
   229 | D:1      | Gained mutation: You have sharp toenails. [demonic ancestry]
   229 | D:1      | Reached XP level 2. HP: 24/24 MP: 2/2
   672 | D:1      | Noticed a troll
   873 | D:2      | Reached XP level 3. HP: 28/30 MP: 3/3
  1243 | D:2      | Noticed Sigmund
  1256 | D:2      | Killed Sigmund
  1256 | D:2      | Reached skill level 5 in Fighting
  1256 | D:2      | Gained mutation: You are immune to rotting. [demonic ancestry]
  1256 | D:2      | Reached XP level 4. HP: 29/39 MP: 4/4
  1256 | D:2      | Reached XP level 5. HP: 33/44 MP: 5/5
  1409 | D:3      | Noticed Robin
  1425 | D:3      | Killed from afar by an orc priest

Vault maps used:
D:1:      erik_arrival_cave_to_civilisation, minmay_tree_intersection,
          minmay_misc_feat_nine_boxes, nemelex_xobeh_ov_fountains_minmay
D:2:      gammafunk_temple_overflow_statue, uniq_iyjb, uniq_sigmund,
          uniq_terence
D:3:      marbit_many_paths, uniq_robin

Skill      XL: |  1  2  3 |
---------------+----------+-----
Long Blades    | 2 3 |  3.8
Fighting       | 5 |  5.0
Armour         | |  2.6
Shields        | |  2.6

Action                   |  1- 3 |  4- 6 || total
-------------------------+-------+-------++-------
Melee: Long sword        |   102 |     4 ||   106
       Kick              |    27 |     1 ||    28
  Use: Potion            |     1 |       ||     1
  Eat: Chunk             |     1 |     1 ||     2
Armor: Scale mail        |    74 |       ||    74
       Plate armour      |    15 |    47 ||    62
Dodge: Dodged            |    39 |     5 ||    44
Block: Shield            |    75 |    42 ||   117
       Rpst.: Long sword |     6 |       ||     6
